 Dungeon Crawl Stone Soup version 0.29-a0-1065-g47a6bb87d6 (webtiles) character file.

Game seed: 1240431087892068458

25 ytrimaz the Grave Robber (level 2, 0/19 HPs)
             Began as a Mummy Necromancer on Aug 19, 2022.
             Slain by an adder (4 damage)
             ... on level 2 of the Dungeon.
             The game lasted 00:01:18 (665 turns).

ytrimaz the Grave Robber (Mummy Necromancer)         Turns: 665, Time: 00:01:19

Health: 0/19       AC:  2    Str: 11    XL:     2   Next: 82%
Magic:  2/6        EV: 12    Int: 14    God:
Gold:   48         SH:  0    Dex: 12    Spells: 7/8 levels left

rFire   x . .      SeeInvis .   (no weapon)
rCold   + . .      Faith    .   (no shield)
rNeg    + + +      Spirit   .   a - +0 robe
rPois   ∞          Reflect  .   (no helmet)
rElec   .          Harm     .   (no cloak)
rCorr   .          Rampage  .   (no gloves)
Will    .....                   (no boots)
Stlth   ++........              (no amulet)
HPRegen 0.06/turn               (no ring)
MPRegen 0.10/turn               (no ring)

@: no status effects
A: cold resistance 1, negative energy resistance 3, torment resistance 2, heat
vulnerability 1, no potions
a: no special abilities


You were on level 2 of the Dungeon.
You visited 1 branch of the dungeon, and saw 2 of its levels.

You collected 48 gold pieces.

Inventory:

Armour
 a - a +0 robe (worn)
Scrolls
 b - a scroll of vulnerability


   Skills:
 - Level 1.5 Dodging
 - Level 1.5 Stealth
 * Level 3.5 Spellcasting
 + Level 4.4 Necromancy


You had 7 spell levels left.
You knew the following spells:

 Your Spells              Type           Power      Damage    Failure   Level
a - Necrotise             Necr           60%        1d7       3%          1

Your spell library contained the following spells:

 Spells                   Type           Power      Damage    Failure   Level
 Vampiric Draining        Necr           15%        2d7       10%         3
 Animate Dead             Necr           15%        N/A       32%         4
 Agony                    Necr           15%        N/A       65%         5


Dungeon Overview and Level Annotations

Branches:
Dungeon (2/15)

Altars:


Innate Abilities, Weirdness & Mutations

You are immune to poison.
Your flesh is cold resistant. (rC+)
You are immune to negative energy. (rN+++)
You are immune to unholy pain and torment.
You are vulnerable to heat. (rF-)
You do not drink.


Message History

The adder is lightly wounded.
The adder completely misses you.
Your rat skeleton closely misses the adder.
The hobgoblin hits your rat skeleton.
You hit the adder.
The adder is lightly wounded.
The adder bites you. The adder closely misses you.
The hobgoblin hits your rat skeleton.
Your rat skeleton is destroyed!
You miss the adder.
The adder is lightly wounded.
The adder bites you.
Unknown command.
You can't drink.
Unknown command.
You can't drink.
Unknown command.
You can't drink.
As you read the scroll labelled VUDOOTEROPS, it crumbles to dust.
The scroll dissolves into smoke.
It was a scroll of fog.
The adder closely misses you.
Unknown command.
As you read the scroll labelled EVADAQ KIYCW, it crumbles to dust.
It is a scroll of brand weapon.
You aren't carrying any weapons that can be branded.
The adder bites you.
* * * LOW HITPOINT WARNING * * *
The adder barely misses you.
As you read the scroll labelled TEK MAUZXOSYS, it crumbles to dust.
It is a scroll of amnesia.
Really abort (and waste the scroll)?
Okay, then.
The adder misses you.
The air fills with toxic fumes!
As you read the scroll labelled JEOTRAA EDUOV, it crumbles to dust.
It was a scroll of poison.
The adder bites you but does no damage.
Unknown command.
The adder attacks as you move away! The adder barely misses you. x2
The adder bites you.
You die...

#### #..# #..# #.§##
#.§.#
#######§#§############
<..§§@§§§§............
.#.##§S§§§............
#.####g#.............
#....#§##############
#.§§#....# ##§§)....#
##.#.gZ## ...#.S....~~
...........~~.


You could see an adder and a goblin.

Vanquished Creatures
  2 endoplasms (D:1)
  A giant cockroach (D:1)
  2 goblins (D:1)
  3 hobgoblins
  2 quokkas (D:1)
  3 ball pythons
  2 bats (D:1)
  2 frilled lizards
  3 kobolds
  3 rats
23 creatures vanquished.

Vanquished Creatures (collateral kills)
  A ball python (D:2)
1 creature vanquished.

Grand Total: 24 creatures vanquished

Notes
Turn   | Place    | Note
-------+----------+-------------------------------------------
     0 | D:1      | ytrimaz the Mummy Necromancer began the quest for the Orb.
     0 | D:1      | Reached XP level 1. HP: 13/13 MP: 4/4
   132 | D:1      | Found a faded altar of an unknown god.
   308 | D:1      | Reached XP level 2. HP: 19/19 MP: 4/6
   585 | D:1      | You fall into a shaft and drop 1 floor!
   665 | D:2      | Slain by an adder

Illustrated notes

Levels and vault maps discovered:
D:1:      minmay_arrival_nine_rooms, layout_basic,
          nicolae_ecumenical_lake_church
D:2:      cheibrodos_helix_gallery, layout_rooms, st_stairs_6

Skill      XL: |  1 |
---------------+----+-----
Spellcasting   | 3 |  3.5
Dodging        | |  1.5
Stealth        | |  1.5
Necromancy     | |  4.4

Action                   || total
-------------------------++-------
Melee: Unarmed           ||    13
 Cast: Necrotise         ||    39
  Use: Scroll            ||     5
Armor: Robe              ||     7
Dodge: Dodged            ||    25

Table legend: (Time is in decaauts)
 A = Elapsed time spent in this place.
 B = Non-inter-level travel time spent in this place.
 C = Inter-level travel time spent in this place.
 D = Time resting spent in this place.
 E = Time spent auto-exploring this place.
 F = Levels seen in this place.
 G = Mean time per level.
                   A        B        C        D        E       F      G
               +--------+--------+--------+--------+--------+-----+--------+
         Total |    665 |    665 |      0 |      0 |    523 |   2 |  332.5 |
       Dungeon |    665 |    665 |      0 |      0 |    523 |   2 |  332.5 |
               +--------+--------+--------+--------+--------+-----+--------+

Top non-repeatable levels by time:
     D:1: 585 daAuts
     D:2: 79 daAuts
